 Dungeon Crawl Stone Soup version 0.30.1-11-g7821555f0a (webtiles) character file.

Game seed: 7374530836369902260

17985 Peloso the Carver (level 12, -10/110 HPs)
             Began as a Minotaur Fighter on Dec 30, 2023.
             Was a High Priest of Okawaru.
             Succumbed to a redback's poison
             ... on level 11 of the Dungeon.
             The game lasted 00:21:26 (12649 turns).

Peloso the Carver (Minotaur Fighter)               Turns: 12649, Time: 00:21:27

Health: -10/110    AC: 14    Str: 22    XL:     12   Next: 23%
Magic:  12/12      EV: 17    Int:  5    God:    Okawaru [*****.]
Gold:   652        SH:  9    Dex: 30    Spells: 11/11 levels left

rFire   . . .        a - +4 long sword
rCold   . . .        d - +0 buckler
rNeg    . . .        t - +0 chain mail of Tenacity {Dex+6 Slay+3 Stlth+}
rPois   .            (helmet restricted)
rElec   .            w - +0 cloak
rCorr   .            (no gloves)
SInv    .            (no boots)
Will    +....        (no amulet)
Stlth   +            K - ring "Pueh" {Will+ EV+5 Dex+4}
HPRegen 0.38/turn    n - +6 ring of dexterity
MPRegen 0.13/turn

%: no passive effects
@: lethally poisoned (-10 -> -95)
A: horns 2, retaliatory headbutt
a: Renounce Religion, Heroism, Finesse, Duel


You were on level 11 of the Dungeon.
You worshipped Okawaru.
Okawaru was extremely pleased with you.
You visited 2 branches of the dungeon, and saw 12 of its levels.
You also visited: Sewer and Gauntlet.

You collected 652 gold pieces.

Inventory:

Hand Weapons
 a - a +4 long sword (weapon)
 b - the +3 rapier of Destiny {speed, Fly rElec rN++ rCorr Int-3}
   (You took it off a hobgoblin on level 3 of the Dungeon)

   Int:       It affects your intelligence (-3).
   rElec:     It insulates you from electricity.
   rN:        It greatly protects you from negative energy.
   Fly:       It grants you flight.
   rCorr:     It protects you from acid and corrosion.
 c - a +2 whip of flaming
Missiles
 h - 2 throwing nets (quivered)
Armour
 d - a +0 buckler (worn)
 t - the +0 chain mail of Tenacity (worn) {Dex+6 Slay+3 Stlth+}
   (Okawaru gifted it to you in a Gauntlet)

   Dex:       It affects your dexterity (+6).
   Slay:      It affects your accuracy & damage with ranged weapons and melee
   (+3).
   Stlth:     It makes you more stealthy.
 w - a +0 cloak (worn)
 D - the +4 scale mail "Ihahad" {rF+}
   (You found it on level 9 of the Dungeon)

   rF:        It protects you from fire.
 P - a +0 plate armour of poison resistance
Jewellery
 n - a +6 ring of dexterity (right hand)
 o - a ring of see invisible
 y - a +6 ring of strength
 z - a +6 ring of dexterity
 A - a +6 ring of strength
 I - a ring of flight
 K - the ring "Pueh" (left hand) {Will+ EV+5 Dex+4}
   (You found it in a Gauntlet)

   [ring of evasion]

   EV:        It affects your evasion (+5).
   Dex:       It affects your dexterity (+4).
   Will:      It increases your willpower.
Wands
 u - a wand of light (10)
 E - a wand of flame (2)
 G - a wand of roots (7)
 J - a wand of digging (6)
 R - a wand of paralysis (4)
Scrolls
 i - a scroll of immolation
 j - a scroll of acquirement
 m - 2 scrolls of enchant armour
 p - 2 scrolls of poison
 q - 2 scrolls of fear
 s - 6 scrolls of teleportation
 x - 3 scrolls of amnesia
 B - 2 scrolls of fog
 C - a scroll of brand weapon
 H - 2 scrolls of blinking
 L - a scroll of noise
 M - a scroll of enchant weapon
Potions
 e - 5 potions of mutation
 f - 2 potions of magic
 g - 3 potions of curing
 k - 2 potions of might
 l - 2 potions of haste
 r - a potion of invisibility
 v - 6 potions of brilliance
 F - a potion of ambrosia
 Q - a potion of resistance


   Skills:
 + Level 11.5 Fighting
 + Level 14.2 Long Blades
 + Level 12.8 Armour
 + Level 4.3 Dodging
 + Level 0.7 Stealth
 + Level 9.7 Shields
 + Level 2.6 Invocations


You had 11 spell levels left.
You didn't know any spells.
Your spell library contained the following spells:

 Spells                   Type           Power      Damage    Failure   Level
 Beastly Appendage        Tmut           0%         N/A       95%         1
 Magic Dart               Conj           0%         1d3       95%         1
 Sandblast                Erth           0%         2d4       95%         1
 Shock                    Conj/Air       0%         1d3       95%         1
 Slow                     Hex            0%         N/A       95%         1
 Passwall                 Tmut/Erth      0%         N/A       98%         2
 Searing Ray              Conj           0%         2d4       98%         2
 Wereblood                Tmut           0%         N/A       98%         2
 Confusing Touch          Hex            0%         N/A       100%        3
 Mephitic Cloud           Conj/Pois/Air  0%         N/A       100%        3
 Portal Projectile        Hex/Tloc       0%         N/A       100%        3
 Spider Form              Tmut/Pois      0%         N/A       100%        3
 Stone Arrow              Conj/Erth      0%         3d7       100%        3
 Swiftness                Air            0%         N/A       100%        3
 Vampiric Draining        Necr           0%         2d6       100%        3
 Airstrike                Air            0%         2d(0-16)  100%        4
 Fulminant Prism          Conj/Hex       0%         3d5       100%        4
 Sticky Flame             Conj/Fire      0%         2d3       100%        4
 Blade Hands              Tmut           0%         N/A       100%        5
 Call Imp                 Summ           Unusable   N/A       N/A         2
 Tukima's Dance           Hex            Unusable   N/A       N/A         3
 Summon Mana Viper        Hex/Summ       Unusable   N/A       N/A         5

Dungeon Overview and Level Annotations

Branches:
Dungeon (11/15)            Temple (1/1) D:5            Lair (0/5) D:8
    Orc (0/2) D:9           Sewer (visited)         Gauntlet (visited)

Altars:
Ashenzari
Dithmenos
Fedhas
Gozag
Hepliaklqana
Makhleb
Nemelex Xobeh
Okawaru
Qazlal
Ru
Sif Muna
Trog
Uskayaw
Vehumet
Wu Jian
Xom
Yredelemnul
Zin
The Shining One

Shops:
D:6 *

Portals:
Trove: D:10 (give +8 demon blade)

Annotations:
D:4 4 runed translucent doors, raetorn's ghost, novice MfGl; timpakay's ghost, amateur OgWr
D:5 1 runed translucent door, vytenis3d's ghost, novice HOFi
D:8 exclusion: oklob sapling
D:9 3 runed translucent doors, Tamtam's ghost, novice DrTm


Innate Abilities, Weirdness & Mutations

You have a pair of horns on your head.
You reflexively headbutt those who attack you in melee.


Message History

The orc wizard is severely wounded.
The tarantella's many legs skitter faintly.
You block the orc wizard's attack. The redback closely misses you.
The redback bites you.
You are poisoned.
The redback poisons you!
You hit the orc wizard. You headbutt the orc wizard.
You kill the orc wizard!
Okawaru accepts your kill.
You feel extremely sick. You block the orc warrior's attack.
The redback bites you! The redback misses you. You furiously retaliate!
You headbutt the redback!
Unknown command.
You closely miss the orc warrior.
The orc warrior is moderately wounded.
You feel very sick. The redback barely misses you. The redback bites you!
You are lethally poisoned!
The redback poisons you!
Unknown command.
You slash the orc warrior!
The orc warrior is severely wounded.
You feel extremely sick. The orc warrior barely misses you.
You furiously retaliate!
You headbutt the orc warrior!
You kill the orc warrior!
Okawaru accepts your kill. The redback bites you!
* * * LOW HITPOINT WARNING * * *
The redback misses you. The redback bites you!
* * * LOW HITPOINT WARNING * * *
The redback attacks as you move away! The redback misses you.
* * * LOW HITPOINT WARNING * * *
You feel extremely sick.
Items here: )) [ †.
The redback attacks as you move away! The redback bites you.
* * * LOW HITPOINT WARNING * * *
You are more poisoned.
The redback poisons you!
You die...

,,,,* *..**********
,,,** *#.#* ,,** #..*
,** *#.####### ,**
####* #.......# ,,**
#...#* *#...(..# *,,**
#....## ##......####
**,,** #.....###
#..........# **,,**
#....@..###..#...##...
**,,**
#.....)..#).###..####.
**,,** #....ss..).##
#### #. **,,**
#.....ss...#* #.
**,,**#...........#*
#. *,,,.......)......#
*#.
*,,##....[........#
*..
*,,*##............#
#.. **,,*
#...........## *,,


You could see a tarantella and 3 redbacks.

Vanquished Creatures
  A minotaur (Gauntlet)
  A vault guard (D:10)
  A catoblepas (Gauntlet)
  A two-headed ogre (D:10)
  4 death yaks (D:8)
  An ugly thing (D:11)
  Joseph (D:7)
  2 gargoyles (Gauntlet)
  An unseen horror (D:11)
  A komodo dragon (D:9)
  2 trolls
  A hornet (D:9)
  11 flying skulls (Gauntlet)
  24 yaks
  A vampire (D:9)
  A neqoxec (Gauntlet)
  A chaos spawn (Gauntlet)
  2 acid dragons
  Duvessa (D:7)
  2 water moccasins
  3 black bears
  6 orc warriors
  2 sky beasts
  4 centaurs
  An ogre (D:6)
  3 kobold brigands
  6 bullfrogs
  2 scorpions
  15 wights (D:9)
  5 killer bees (D:8)
  Dowan (D:7)
  3 howler monkeys
  2 lava snakes (D:10)
  2 hounds
  3 gnoll boudas
  5 orc priests
  8 iguanas
  2 sleepcaps (D:6)
  Natasha (thrice) (D:3)
  11 orc wizards
  A statue (D:7)
  A hound zombie (D:4)
  10 gnolls
  15 adders
  5 river rats (Sewer)
  2 white imps (D:6)
  2 ufetubi (D:4)
  An adder zombie (D:4)
  3 worms
  27 orcs
  18 ball pythons
  3 bats
  10 endoplasms
  A giant cockroach (D:6)
  4 goblins
  9 hobgoblins
  2 jackals (D:8)
  6 quokkas
  8 frilled lizards
  13 kobolds
  28 rats
316 creatures vanquished.

Notes
Turn   | Place    | Note
-------+----------+-------------------------------------------
     0 | D:1      | Peloso the Minotaur Fighter began the quest for the Orb.
     0 | D:1      | Reached XP level 1. HP: 19/19 MP: 0/0
   183 | D:1      | Reached XP level 2. HP: 27/27 MP: 1/1
   707 | D:2      | Reached skill level 3 in Long Blades
   765 | D:2      | Reached XP level 3. HP: 31/33 MP: 2/2
   810 | D:2      | Found a faded altar of an unknown god.
  1385 | D:3      | Reached XP level 4. HP: 39/40 MP: 3/3
  1391 | D:3      | Noticed a scorpion
  1393 | D:3      | Noticed Natasha
  1411 | D:3      | Killed Natasha
  1412 | D:3      | Reached skill level 4 in Long Blades
  1420 | D:3      | Killed a scorpion
  1421 | D:3      | Reached XP level 5. HP: 10/46 MP: 4/4
  1692 | D:3      | Reached skill level 5 in Armour
  1842 | D:3      | Reached skill level 5 in Long Blades
  1917 | D:3      | Noticed Natasha
  1928 | D:3      | Killed Natasha
  1982 | D:3      | Noticed Natasha
  1997 | D:3      | Killed Natasha
  2145 | D:3      | Reached XP level 6. HP: 53/53 MP: 5/5
  2456 | D:3      | Identified the +3 rapier of Destiny {speed, Fly rElec rN++
                  | rCorr Int-3}
  2618 | D:4      | Found a blossoming altar of Fedhas.
  2623 | D:4      | Found a runed translucent door.
  2623 | D:4      | Noticed raetorn's ghost (novice MfGl)
  2907 | D:4      | Found a shadowy altar of Dithmenos.
  3658 | D:4      | Found a runed translucent gate.
  3658 | D:4      | Found a runed translucent gate.
  3658 | D:4      | Found a runed translucent gate.
  3658 | D:4      | Noticed timpakay's ghost (amateur OgWr)
  3660 | D:4      | Found a basalt altar of Yredelemnul.
  3776 | D:5      | Entered Level 5 of the Dungeon
  3925 | D:5      | Found a staircase to the Ecumenical Temple.
  3998 | Temple   | Entered the Ecumenical Temple
  4014 | Temple   | Became a worshipper of Warmaster Okawaru
  4101 | D:5      | Reached skill level 6 in Long Blades
  4101 | D:5      | Reached skill level 1 in Dodging
  4101 | D:5      | Reached XP level 7. HP: 46/60 MP: 6/6
  4220 | D:5      | Reached skill level 5 in Shields
  4364 | D:5      | Found a runed translucent door.
  4364 | D:5      | Noticed vytenis3d's ghost (novice HOFi)
  4647 | D:6      | Reached skill level 5 in Fighting
  4660 | D:6      | Found a glowing drain.
  4680 | Sewer    | Entered a sewer
  4755 | Sewer    | Reached * piety under Okawaru
  5114 | Sewer    | Reached skill level 7 in Long Blades
  5116 | Sewer    | Reached XP level 8. HP: 33/69 MP: 7/7
  5261 | Sewer    | Identified a scroll of acquirement
  5633 | D:6      | Found a sacrificial altar of Ru.
  5671 | D:6      | Reached ** piety under Okawaru
  5675 | D:6      | Found a glowing silver altar of Zin.
  5729 | D:6      | Found Ycrisch's Overcharged Wands.
  5897 | D:6      | Reached skill level 8 in Long Blades
  6031 | D:7      | Noticed Duvessa
  6046 | D:7      | Killed Duvessa
  6051 | D:7      | Noticed Dowan
  6054 | D:7      | Noticed a troll
  6057 | D:7      | Killed Dowan
  6064 | D:7      | Killed a troll
  6065 | D:7      | Reached skill level 9 in Long Blades
  6065 | D:7      | Reached XP level 9. HP: 66/75 MP: 8/8
  6400 | D:7      | Noticed Joseph
  6420 | D:7      | Killed Joseph
  6420 | D:7      | Reached *** piety under Okawaru
  6421 | D:7      | Reached skill level 10 in Long Blades
  6687 | D:7      | Found a radiant altar of Vehumet.
  6990 | D:8      | Found a burning altar of Makhleb.
  7006 | D:8      | Noticed a death yak
  7033 | D:8      | Killed a death yak
  7235 | D:8      | Noticed a death yak
  7237 | D:8      | Noticed a death yak
  7263 | D:8      | Killed a death yak
  7264 | D:8      | Reached skill level 11 in Long Blades
  7264 | D:8      | Reached XP level 10. HP: 20/88 MP: 7/9
  7485 | D:8      | Found a staircase to the Lair.
  7485 | D:8      | Noticed a death yak
  7516 | D:8      | Killed a death yak
  7516 | D:8      | Reached **** piety under Okawaru
  8051 | D:8      | Noticed a death yak
  8088 | D:8      | Killed a death yak
  8089 | D:8      | Reached skill level 10 in Armour
  8606 | D:8      | Reached skill level 12 in Long Blades
  8640 | D:8      | Reached ***** piety under Okawaru
  8813 | D:9      | Noticed a spectral wolf spider
  8813 | D:9      | Noticed a spectral centaur warrior
  8813 | D:9      | Noticed a spectral centaur warrior
  8813 | D:9      | Found a runed translucent gate.
  8813 | D:9      | Found a staircase to the Orcish Mines.
  8813 | D:9      | Found a runed translucent gate.
  8813 | D:9      | Found a runed translucent gate.
  9019 | D:8      | Reached skill level 1 in Invocations
  9179 | D:9      | Noticed Tamtam's ghost (novice DrTm)
  9318 | D:9      | Reached XP level 11. HP: 92/93 MP: 11/11
  9661 | D:9      | Identified the +4 scale mail "Ihahad" {rF+}
 10072 | D:10     | Entered Level 10 of the Dungeon
 10082 | D:10     | Found an opulent altar of Gozag.
 10109 | D:9      | HP: 1/98 [yak (13)]
 10369 | D:10     | HP: 2/99 [troll (4)]
 10657 | D:10     | Found an ornate altar of the Wu Jian Council.
 10742 | D:10     | Reached skill level 10 in Fighting
 10861 | D:10     | Reached skill level 13 in Long Blades
 10914 | D:10     | Noticed a two-headed ogre
 10923 | D:10     | Killed a two-headed ogre
 11486 | D:10     | Identified the +2 leather armour of the Cicada {Slay+2}
 11541 | D:10     | Found a shimmering blue altar of Sif Muna.
 11596 | D:10     | Noticed a vault guard
 11602 | D:10     | Killed a vault guard
 11602 | D:10     | Received a gift from Okawaru
 11609 | D:10     | Found a portal to a secret trove of treasure.
 11888 | D:11     | Found a gate leading to a gauntlet.
 11897 | Gauntlet | Entered a Gauntlet
 11897 | Gauntlet | Found a transporter.
 11897 | Gauntlet | Found a transporter.
 11905 | Gauntlet | Found a transporter.
 11909 | Gauntlet | Found a transporter.
 11921 | Gauntlet | Found a transporter.
 11925 | Gauntlet | Found a transporter.
 11930 | Gauntlet | Noticed a reaper
 11937 | Gauntlet | Found a transporter.
 11943 | Gauntlet | Found the amulet of the Air {Inacc Air Fly rElec RMsl}
 11953 | Gauntlet | Found a transporter.
 11968 | Gauntlet | Found a transporter.
 11971 | Gauntlet | Found a transporter.
 11971 | Gauntlet | Noticed a catoblepas
 11983 | Gauntlet | Found a transporter.
 11987 | Gauntlet | Found a transporter.
 12062 | Gauntlet | Killed a catoblepas
 12270 | Gauntlet | Reached XP level 12. HP: 87/110 MP: 10/12
 12285 | Gauntlet | Reached skill level 14 in Long Blades
 12310 | Gauntlet | Identified the ring "Pueh" {Will+ EV+5 Dex+4}
 12431 | Gauntlet | Noticed a minotaur
 12439 | Gauntlet | Killed a minotaur
 12439 | Gauntlet | Identified the +0 chain mail of Tenacity {Dex+6 Slay+3
                  | Stlth+} (Okawaru gifted it to you in a Gauntlet)
 12439 | Gauntlet | Received a gift from Okawaru
 12455 | Gauntlet | Identified the +1 scale mail of Sloth {Str+4}
 12455 | Gauntlet | Identified the +0 robe of Dramatic Exits {MP+9 Str+2
                  | Stlth-}
 12455 | Gauntlet | Identified the staff of cold "Ahomitzyd" {rC+ Int+3}
 12456 | Gauntlet | Got the Cyclopedia of Conflagrant Execration
 12649 | D:11     | Succumbed to a redback's poison

Illustrated notes

Levels and vault maps discovered:
D:1:      dpeg_arrival_brainrot, layout_loops_ring
D:2:      layout_basic, shapermc_ecumenical_altar_mp_ritualfount, minivault_14,
          minmay_misc_feat_nine_boxes
D:3:      cheibrodos_thug_alley, layout_basic, minmay_three_crescents,
          uniq_natasha
D:4:      layout_layer_cave, fedhas_ov_isle_minmay,
          nicolae_yredelemnul_ghost_church, grunt_dithmenos_smoke_and_mirrors,
          ebering_ghost_inner_flame
D:5:      layout_loops_ring, temple_doors_ab, gammafunk_ghost_grave
D:6:      layout_rooms, mainiacjoe_overflow_catwalk,
          nicolae_ru_great_annihilating_truth, portal_sewer_entry_a,
          nicolae_shop_overcharged_wands
D:7:      layout_basic, vehumet_statue, serial_corexii_hall,
          chequers_hall_statues_y, chequers_hall_statues_wall_a,
          chequers_hall_statues_corner_a, corexii_hall_statues_l, uniq_duvessa,
          uniq_joseph
D:8:      layout_loops_corners, mainiacjoe_overflow_concentric_impassable,
          dpeg_lair_monsters, introduction_to_nature_2
D:9:      layout_rooms, orc_0_dummy, gammafunk_ghost_necromancy,
          minmay_fractal_squares_5
D:10:     layout_big_octagon, nicolae_wu_jian_immortal_techniques,
          kennysheep_orc_sif_temple, mainiacjoe_overflow_paths,
          nicolae_overflow_hidden_temple, enter_trove_5
D:11:     layout_cave_pods, gauntlet_entry_generic, minivault_10,
          minmay_misc_feat_more_columns
Temple:   nicolae_temple_ecumenical_triangle

Skill      XL: |  1  2  3  4  5  6  7  8  9 10 11 12 |
---------------+-------------------------------------+-----
Armour         | 4 5 6 8 9 10 12 | 12.8
Long Blades    | 3 4 5 6 7 9 11 12 13 14 | 14.2
Fighting       | 4 5 6 7 9 11 | 11.5
Shields        | 4 5 6 7 8 9 |  9.7
Dodging        | 1 2 3 4 |  4.3
Invocations    | 1 2 |  2.6
Stealth        | |  0.7

Action                     |  1- 3 |  4- 6 |  7- 9 | 10-12 || total
---------------------------+-------+-------+-------+-------++-------
  Melee: Long sword        |    77 |   141 |   300 |   487 ||  1005
         Headbutt          |    13 |    22 |    65 |   127 ||   227
         Punch             |     1 |       |       |       ||     1
 Invoke: Heroism           |       |       |     2 |    10 ||    12
    Use: Potion            |     4 |       |       |     6 ||    10
         Scroll            |     2 |       |    11 |     9 ||    22
 Armour: Scale mail        |    26 |       |       |       ||    26
         Chain mail        |     7 |   100 |   182 |    41 ||   330
         Plate armour      |       |       |       |   148 ||   148
  Dodge: Dodged            |    35 |    61 |   134 |   144 ||   374
  Block: Buckler           |    11 |    55 |   127 |   139 ||   332
